[Event "*** SCC Grand Prix: Titled Tuesday Blitz"]
[Site "Chess.com"]
[Date "2020.08.11"]
[Round "5"]
[White "Rubinstein_Akiba"]
[Black "DenLaz"]
[Result "0-1"]
[WhiteElo "2441"]
[BlackElo "2677"]
[TimeControl "180+1"]
[EndTime "10:54:50 PDT"]
[Termination "DenLaz won by resignation"]

1. e4 e6 2. d4 d5 3. Bd3 dxe4 4. Bxe4 Nf6 5. Bf3 c5 6. Ne2 Be7 7. Be3 O-O 8. O-O cxd4 9. Nxd4 Nbd7 10. Nc3 Ne5 11. Qe2 Nxf3+ 12. Qxf3 a6 13. Rad1 Qc7 14. Nb3 Bd7 15. Bf4 e5 16. Bg5 Bg4 17. Nd5 Bxf3 18. Nxc7 Bxd1 19. Nxa8 Bxc2 20. Nb6 Bxb3 21. axb3 Rd8 22.
Rc1 h6 23. Bxf6 Bxf6 24. g3 e4 25. Rc7 Rd3 26. b4 Bxb2 27. Rxb7 Bd4 28. Nc4 f5 29. Rb8+ Kh7 30. Ra8 Rd1+ 31. Kg2 Rc1 32. Nd6 Rc2 33. Kh3 Rxf2 34. Rxa6 e3 35. Nc4 e2 36. Re6 Bc3 0-1

[Event "*** SCC Grand Prix: Titled Tuesday Blitz"]
[Site "Chess.com"]
[Date "2020.08.11"]
[Round "5"]
[White "adotand"]
[Black "Babas"]
[Result "1-0"]
[WhiteElo "2774"]
[BlackElo "2451"]
[TimeControl "180+1"]
[EndTime "10:54:51 PDT"]
[Termination "adotand won on time"]

1. e4 e5 2. Nf3 Nf6 3. Nxe5 d6 4. Nf3 Nxe4 5. Nc3 Nxc3 6. dxc3 Be7 7. Be3 Nd7 8. Qd2 Nf6 9. O-O-O O-O 10. Bd3 c5 11. c4 b5 12. cxb5 a6 13. b6 Qxb6 14. Bg5 Be6 15. c4 Rfb8 16. Qc2 h6 17. Bh4 d5 18. Rd2 dxc4 19. Bxc4 Bxc4 20. Qxc4 Qc7 21. Bg3 Qc8 22.
Bxb8 Rxb8 23. Re1 Bf8 24. Ne5 Qc7 25. a3 Bd6 26. f4 Rb6 27. Rde2 Qb7 28. Nd3 Nd5 29.
Re8+ Kh7 30. g4 Rb3 31. Rd8 Bxf4+ 32. Kc2 Ne3+ 33. Rxe3 Bxe3 34. Qxb3 Qg2+ 35. Kb1 1-0

[Event "*** SCC Grand Prix: Titled Tuesday Blitz"]
[Site "Chess.com"]
[Date "2020.08.11"]
[Round "5"]
[White "Sn00pPawn"]
[Black "Chuchofrio1"]
[Result "0-1"]
[WhiteElo "2008"]
[BlackElo "2286"]
[TimeControl "180+1"]
[EndTime "10:54:51 PDT"]
[Termination "Chuchofrio1 won on time"]

1. e4 c5 2. Nf3 Nc6 3. Bb5 e6 4. Bxc6 bxc6 5. d3 Ne7 6. Qe2 d5 7. Nc3 Ng6 8. h4 h5 9. b3 Be7 10. g3 Qa5 11. Bd2 Qd8 12. e5 a5 13. Na4 f6 14.
O-O f5 15. c4 f4 16. d4 cxd4 17. Qd3 Kf7 18. Rae1 Rh6 19. Nxd4 c5 20. Nc6 Qd7 21. Nxe7 Qxe7 22. cxd5 Nxh4 23. dxe6+ Bxe6 24. gxh4 Qxh4 0-1

[Event "*** SCC Grand Prix: Titled Tuesday Blitz"]
[Site "Chess.com"]
[Date "2020.08.11"]
[Round "5"]
[White "Gorin_Leonid"]
[Black "OK97"]
[Result "0-1"]
[WhiteElo "2620"]
[BlackElo "2866"]
[TimeControl "180+1"]
[EndTime "10:54:52 PDT"]
[Termination "OK97 won by resignation"]

1. e4 g6 2. d4 Bg7 3. Nf3 d6 4.
Nc3 Nf6 5. h3 a6 6. a4 O-O 7.
Be3 b6 8. Bc4 e6 9. e5 dxe5 10.
Nxe5 Bb7 11. O-O Nbd7 12. Qe2 Qe7 13. Rfd1 Rad8 14. Bxa6 Ba8 15. Bb5 Nxe5 16. dxe5 Nh5 17. g4 Qh4 18. Qf1 Ng3 19. Qc4 Qxh3 20. Bc6 Bxc6 21. Qxc6 Qxg4 22. Qg2 Ne2+ 23. Nxe2 Qxe2 24. Rxd8 Rxd8 25. Qc6 Bxe5 26. Qe4 Bxb2 27. Rb1 Rd1+ 28. Rxd1 Qxd1+ 29. Kg2 Qd5 30. Qxd5 exd5 31. Bf4 c6 32. Be3 c5 33. Bf4 Bd4 34. Kf3 c4 35. Bd6 Kg7 36. Bb4 Kf6 37. c3 Be5 38. Ke3 Ke6 39. f4 Bf6 40.
Ba3 Bxc3 0-1

[Event "*** SCC Grand Prix: Titled Tuesday Blitz"]
[Site "Chess.com"]
[Date "2020.08.11"]
[Round "5"]
[White "frederiksvane"]
[Black "MasterKroket"]
[Result "1-0"]
[WhiteElo "2587"]
[BlackElo "2411"]
[TimeControl "180+1"]
[EndTime "10:54:52 PDT"]
[Termination "frederiksvane won by resignation"]

1. e4 c5 2. Nf3 e6 3. d4 cxd4 4.
Nxd4 Nc6 5. Nc3 Qc7 6. g3 a6 7. Bg2 b5 8. O-O Bb7 9. Nxc6 Bxc6 10. Re1 Be7 11. Nd5 Qb7 12. Bf4 Rc8 13. c3 h5 14.
Qd4 Nf6 15. Nxe7 Kxe7 16. Bd6+ Ke8 17. Rad1 h4 18. g4 h3 19. Bf3 Rh6 20. Bb4 a5 21.
Bxa5 Rg6 22. Bb4 d5 23. exd5 Bd7 24. dxe6 Bc6 25. Qd6 Nh7 26. Qd7+ Bxd7 27. exd7+ Kd8 28. Ba5+ Rb6 29. Bxb7 1-0

[Event "*** SCC Grand Prix: Titled Tuesday Blitz"]
[Site "Chess.com"]
[Date "2020.08.11"]
[Round "5"]
[White "aa175"]
[Black "Shivagami"]
[Result "1-0"]
[WhiteElo "2483"]
[BlackElo "2232"]
[TimeControl "180+1"]
[EndTime "10:54:52 PDT"]
[Termination "aa175 won by resignation"]

1. d4 Nf6 2. Nf3 d5 3. Bf4 c5 4. e3 Nc6 5. Nbd2 Bf5 6. c3 Qb6 7. Qb3 c4 8. Qxb6 axb6 9. a3 b5 10. Rc1 Nd7 11. Nh4 Be4 12. f3 Bd3 13. Bxd3 cxd3 14.
e4 e6 15. exd5 exd5 16. Kf2 f6 17. Rhe1+ Kf7 18. Nf5 g5 19. Bd6 Kg6 20. g4 h5 21.
Bxf8 hxg4 22. Ne7+ Nxe7 23. Bxe7 Rxh2+ 24. Ke3 Rah8 25.
Bd6 Rg2 26. Kxd3 gxf3 27. Nxf3 Rh3 28. Re3 g4 29. Nd2 Kg5 30. Rxh3 gxh3 31. Rh1 Kg4 32. Nf1 f5 33. Ne3+ Kf3 34. Rxh3+ 1-0

[Event "*** SCC Grand Prix: Titled Tuesday Blitz"]
[Site "Chess.com"]
[Date "2020.08.11"]
[Round "5"]
[White "beatnoguera"]
[Black "Sacbutt"]
[Result "1-0"]
[WhiteElo "1814"]
[BlackElo "2182"]
[TimeControl "180+1"]
[EndTime "10:54:52 PDT"]
[Termination "beatnoguera won by resignation"]

1. e4 c5 2. Nc3 Nc6 3. f4 g6 4. Nf3 Bg7 5. Bc4 e6 6. d3 Nge7 7. O-O O-O 8. Qe1 d5 9. Bb3 Rb8 10. Qh4 Nd4 11. f5 Nxb3 12. axb3 exf5 13. Bh6 d4 14.
Ng5 Bf6 15. Ne2 Bxg5 16. Bxg5 Re8 17. Bf6 Qb6 18. Bxe7 Be6 19. Bf6 Bd7 20. e5 Re6 21.
Nf4 Rxf6 22. exf6 h6 23. Nd5 Qe6 24. Ne7+ Kh7 25. Rae1 Qd6 26. Rf3 g5 27. Qh5 Qxf6 28. Nd5 Qd6 29. Ne7 Kg7 30. h4 g4 31. Nxf5+ Bxf5 32. Rxf5 g3 1-0

[Event "*** SCC Grand Prix: Titled Tuesday Blitz"]
[Site "Chess.com"]
[Date "2020.08.11"]
[Round "5"]
[White "Xeslu"]
[Black "HouseOfDurin"]
[Result "1-0"]
[WhiteElo "2304"]
[BlackElo "2085"]
[TimeControl "180+1"]
[EndTime "10:54:53 PDT"]
[Termination "Xeslu won on time"]

1. e4 c5 2. Nf3 Nc6 3. Bb5 g6 4. Bxc6 dxc6 5. d3 Bg7 6. h3 h6 7. Nc3 e5 8. Be3 b6 9. Qd2 Ne7 10. a3 Be6 11. b4 cxb4 12. axb4 f5 13. Qe2 O-O 14. b5 c5 15. O-O f4 16. Bd2 g5 17.
Ra6 g4 18. hxg4 Bxg4 19. Rfa1 Qd7 20. Na4 Qxb5 21. Nxb6 Rae8 22. Nc4 Nc6 23. Bc3 Re6 24. Qd1 Nd4 25. Bxd4 Rxa6 26. Rb1 Qc6 27. Bxe5 Bxe5 28.
Ncxe5 Qe6 29. c3 Rd6 30. d4 cxd4 31. cxd4 Bxf3 32. Nxf3 Qxe4 33. Qb3+ Qd5 34. Qb4 Rfd8 35. Re1 a5 36. Qb1 Rg6 37. Qxg6+ Kf8 38. Ne5 Rd6 39. Qf5+ Kg8 40. Qxf4 1-0

[Event "*** SCC Grand Prix: Titled Tuesday Blitz"]
[Site "Chess.com"]
[Date "2020.08.11"]
[Round "5"]
[White "pirulillo"]
[Black "reniite"]
[Result "1-0"]
[WhiteElo "2231"]
[BlackElo "1948"]
[TimeControl "180+1"]
[EndTime "10:54:53 PDT"]
[Termination "pirulillo won by checkmate"]

1. e4 e5 2. d4 exd4 3. f4 d5 4. e5 c5 5. Nf3 Nc6 6. c4 dxc3 7.
Nxc3 d4 8. Ne4 Qd5 9. Ng3 Bg4 10. b3 O-O-O 11. Bc4 Bxf3 12. gxf3 Qd7 13. O-O Nh6 14. Re1 Re8 15. a3 Kb8 16. Qd3 g6 17. Bd2 Nf5 18. Nxf5 Qxf5 19. Qxf5 gxf5 20. Bxf7 Rd8 21.
Be6 Ne7 22. b4 cxb4 23. axb4 Nc6 24. b5 Ne7 25. Bb4 h5 26. Bd6+ Ka8 27. Bc7 Bg7 28. Rxa7+ Kxa7 29. Ra1# 1-0

[Event "*** SCC Grand Prix: Titled Tuesday Blitz"]
[Site "Chess.com"]
[Date "2020.08.11"]
[Round "5"]
[White "Warre"]
[Black "MarcoRiehle"]
[Result "0-1"]
[WhiteElo "2574"]
[BlackElo "2744"]
[TimeControl "180+1"]
[EndTime "10:54:54 PDT"]
[Termination "MarcoRiehle won by resignation"]

1. d4 d5 2. c4 e6 3. Nf3 Nf6 4. g3 dxc4 5. Bg2 Bb4+ 6. Bd2 a5 7. Qc2 Bxd2+ 8. Qxd2 O-O 9. Na3 b6 10. Nxc4 Bb7 11. O-O Nbd7 12. Rac1 Rc8 13. Rfd1 Qe7 14. b3 Rfd8 15. Nfe5 Bxg2 16. Kxg2 Nxe5 17. Nxe5 c5 18.
Qb2 cxd4 19. Rxc8 Rxc8 20. Qxd4 Qb7+ 21. Nf3 h6 22. Qd3 Qd5 23. Qxd5 Nxd5 24. Rd2 Rc1 25. Ne5 f6 26. Nd3 Ra1 27. Rc2 f5 28.
Kf3 g5 29. h3 h5 30. g4 hxg4+ 31.
hxg4 Rg1 32. gxf5 exf5 33. e3 Kf7 34. Rc6 Rd1 35. Ke2 Rxd3 36. Kxd3 Nb4+ 37. Kc4 Nxc6 38.
Kb5 Ne5 39. Kxb6 Ng4 40. Kb5 Nxf2 0-1

[Event "*** SCC Grand Prix: Titled Tuesday Blitz"]
[Site "Chess.com"]
[Date "2020.08.11"]
[Round "5"]
[White "GelmanAlexander"]
[Black "GigaQuparadze"]
[Result "0-1"]
[WhiteElo "2576"]
[BlackElo "2918"]
[TimeControl "180+1"]
[EndTime "10:54:54 PDT"]
[Termination "GigaQuparadze won by resignation"]

1. d4 Nf6 2. Nc3 d5 3. Bf4 c5 4. e3 e6 5. Nb5 Na6 6. g4 Bd7 7.
c3 c4 8. Nd6+ Bxd6 9. Bxd6 h5 10. gxh5 Nxh5 11. Be2 Nf6 12. Nf3 Ne4 13. Bf4 g5 14.
Bg3 Qb6 15. Qc2 f6 16. O-O-O Qa5 17. Nd2 Ba4 18. b3 cxb3 19. axb3 Bb5 20. Bxb5+ Qxb5 21. Nxe4 dxe4 22. Kb2 f5 23. d5 exd5 24. c4 dxc4 25. Qxc4 Qxc4 26. bxc4 Nc5 27. Rd5 Nd3+ 28. Kc3 f4 29.
exf4 gxf4 30. Rd4 fxg3 31. Rxe4+ Kd7 32. Kxd3 gxh2 33. Rg4 Raf8 34. Rg2 Rf3+ 35. Kd4 Rh4+ 36. Kc5 Rf5+ 37. Kb4 a5+ 38. Kb3 Rfh5 39. Rg7+ Kc6 40. Rg6+ Kc5 41. Rg7 b6 42. Rg3 Rxc4 43. Rg2 Rb4+ 44.
Kc3 Rbh4 45. f4 Rxf4 46. Rhxh2 Rxh2 47. Rxh2 a4 48. Rh5+ Kc6 49. Kb2 b5 50. Ka3 Kb6 51.
Rh8 Rf3+ 52. Ka2 Ka5 53. Rh4 a3 54. Rg4 b4 55. Rg8 Rf2+ 56. Ka1 Ka4 57. Rg3 Rf1+ 58.
Ka2 b3+ 59. Rxb3 Rf2+ 60. Ka1 Kxb3 0-1

[Event "*** SCC Grand Prix: Titled Tuesday Blitz"]
[Site "Chess.com"]
[Date "2020.08.11"]
[Round "5"]
[White "tptagain"]
[Black "politeplayer"]
[Result "1-0"]
[WhiteElo "2912"]
[BlackElo "2235"]
[TimeControl "180+1"]
[EndTime "10:54:54 PDT"]
[Termination "tptagain won by resignation"]

1. e4 e6 2. Nc3 c5 3. Nf3 a6 4.
d4 cxd4 5. Nxd4 Qc7 6. g3 d6 7. Bg2 Nf6 8. O-O Be7 9. a4 O-O 10. a5 Nbd7 11. Qe2 Rb8 12. Rd1 b6 13. axb6 Nxb6 14.
Nb3 Qc4 15. Qxc4 Nxc4 16. Bf1 Ne5 17. Bxa6 Ra8 18. Be2 Rxa1 19. Nxa1 Bb7 20. f3 Rc8 21. Nb3 d5 22. f4 Nc4 23. e5 Nd7 24. Bxc4 Rxc4 25. Na5 Bc5+ 26. Kf1 Rb4 27. Nxb7 Rxb7 28. Ke2 Bb4 29. Nb1 Nc5 30. c3 Ne4 31. cxb4 Rxb4 32.
Nc3 Nxc3+ 33. bxc3 Rb3 34. Bd2 Rb2 35. Kd3 g6 36. g4 Kg7 37. Ra1 h5 38. h3 hxg4 39.
hxg4 Rb7 40. Ra8 Rc7 41. Be1 Rc4 42. Bh4 g5 43. Bxg5 1-0

[Event "*** SCC Grand Prix: Titled Tuesday Blitz"]
[Site "Chess.com"]
[Date "2020.08.11"]
[Round "5"]
[White "GAusal"]
[Black "ThePatrick27"]
[Result "0-1"]
[WhiteElo "2153"]
[BlackElo "2472"]
[TimeControl "180+1"]
[EndTime "10:54:55 PDT"]
[Termination "ThePatrick27 won by resignation"]

1. d4 Nf6 2. Bf4 d6 3. e3 g6 4. Nc3 Bg7 5. e4 O-O 6. Qd2 c5 7. dxc5 dxc5 8. Qxd8 Rxd8 9. f3 Nc6 10. Bb5 Nd4 11.
Ba4 a6 12. Bc7 Rf8 13. Bb6 Nd7 14.
Bxd7 Bxd7 15. O-O-O Rac8 16. Nd5 Rfe8 17. c3 Ne6 18.
Ne2 Bb5 19. Nef4 Nxf4 20. Nxf4 Bh6 21. g3 e5 22. h4 exf4 23. g4 Be2 24. Rd7 Bxf3 25.
Rg1 Bxe4 26. g5 Bf8 27. Bc7 f3 28. Bf4 Bc6 29. Rd2 c4 30. h5 Bc5 31. Rh1 f2 32. hxg6 Bxh1 33. gxh7+ Kxh7 34. g6+ Kxg6 35. Be3 Bxe3 0-1

[Event "*** SCC Grand Prix: Titled Tuesday Blitz"]
[Site "Chess.com"]
[Date "2020.08.11"]
[Round "5"]
[White "guillembaches"]
[Black "AleksanderHnydiuk"]
[Result "0-1"]
[WhiteElo "2398"]
[BlackElo "2562"]
[TimeControl "180+1"]
[EndTime "10:54:56 PDT"]
[Termination "AleksanderHnydiuk won by resignation"]

1. e4 c6 2. c4 d5 3. exd5 cxd5 4. cxd5 Nf6 5. Nc3 Nxd5 6. Nf3 e6 7. Bc4 Be7 8. O-O O-O 9. d4 Nxc3 10. bxc3 Qc7 11.
Bd3 b6 12. Ng5 h6 13. Qh5 Bxg5 14. Bxg5 Bb7 15. Bf6 Qf4 16. Be5 Qg5 17. Qxg5 hxg5 18. c4 Nc6 19. Be4 Nxe5 20. Bxb7 Rab8 21. Ba6 Nc6 22.
d5 Nb4 23. Bb5 exd5 24. cxd5 Nxd5 25. a4 Nc3 26. Bc6 Rbc8 27. Bf3 Rc5 28. Rfe1 Rfc8 29. Re7 R5c7 30. Ree1 Kf8 31. h3 Re7 32. Rec1 Rcc7 33. a5 b5 34. a6 b4 35. Bb7 b3 0-1

[Event "*** SCC Grand Prix: Titled Tuesday Blitz"]
[Site "Chess.com"]
[Date "2020.08.11"]
[Round "5"]
[White "1977Ivan"]
[Black "FeketeBarika"]
[Result "1-0"]
[WhiteElo "2670"]
[BlackElo "2198"]
[TimeControl "180+1"]
[EndTime "10:54:58 PDT"]
[Termination "1977Ivan won on time"]

1. d4 Nf6 2. c4 e6 3. Nc3 d5 4. cxd5 exd5 5. Bg5 Be7 6. e3 c6 7. Bd3 h6 8. Bh4 O-O 9. Nge2 Nh5 10. Bxe7 Qxe7 11. Qd2 Nd7 12. f3 Re8 13. Kf2 Nf8 14.
Rae1 Bd7 15. Rhf1 Qg5 16. Nc1 Ne6 17. Nb3 Re7 18. Bc2 Rae8 19. Kg1 Nf8 20. f4 Qh4 21. g3 Qh3 22. e4 dxe4 23. Nxe4 Bc8 24. Nbc5 Nf6 25. Nxf6+ gxf6 26. Ne4 Kg7 27. d5 cxd5 28. Nxf6 Rxe1 29. Rxe1 Rxe1+ 30. Qxe1 Ng6 31. Ne8+ Kf8 32. Nd6 1-0

[Event "*** SCC Grand Prix: Titled Tuesday Blitz"]
[Site "Chess.com"]
[Date "2020.08.11"]
[Round "5"]
[White "Adham_Fawzy"]
[Black "LimeInTheCoconut"]
[Result "1-0"]
[WhiteElo "2729"]
[BlackElo "2468"]
[TimeControl "180+1"]
[EndTime "10:54:58 PDT"]
[Termination "Adham_Fawzy won on time"]

1. e4 c6 2. d4 d5 3. exd5 cxd5 4.
c4 Nf6 5. Nc3 e6 6. c5 b6 7. b4 a5 8. Na4 bxc5 9. bxc5 Nc6 10. Bb5 Bd7 11. Nb6 Rb8 12. Qa4 Rxb6 13. cxb6 Bb4+ 14. Kf1 Qxb6 15. Be3 O-O 16. Rc1 Nxd4 17. Bxd7 Qa6+ 18. Bb5 Nxb5 19. Ne2 d4 20. Bf4 Nc3 21. Rxc3 Bxc3 22. g3 Qb7 23. Rg1 Qb1+ 24. Kg2 Qe4+ 25.
Kf1 e5 26. Nxc3 Qd3+ 27. Ne2 exf4 28. Qxd4 Qxd4 29. Nxd4 fxg3 30. hxg3 Rc8 31. Kg2 g6 32. Rb1 Kg7 33. Rb7 Rc4 34. Ne6+ Kh6 35. Rxf7 Ng4 36.
Nf8 1-0

[Event "*** SCC Grand Prix: Titled Tuesday Blitz"]
[Site "Chess.com"]
[Date "2020.08.11"]
[Round "5"]
[White "Sophist4Life"]
[Black "queen_iryna"]
[Result "1-0"]
[WhiteElo "2500"]
[BlackElo "2246"]
[TimeControl "180+1"]
[EndTime "10:54:59 PDT"]
[Termination "Sophist4Life won by checkmate"]

1. d4 d6 2. c4 e5 3. d5 Be7 4. Nc3 a5 5. g3 Na6 6. Bg2 Nc5 7. Nf3 Nf6 8. O-O O-O 9. Ne1 h6 10. h3 Nh7 11. e4 f5 12. exf5 Bxf5 13. Be3 b6 14.
Bxc5 bxc5 15. Ne4 Nf6 16. Nc3 Rb8 17. b3 Nh7 18. Nf3 Bf6 19. Rc1 e4 20. Nd2 Ng5 21. h4 Nf3+ 22. Nxf3 exf3 23. Bxf3 Qe8 24. Bh5 Qd7 25. Bf3 Qf7 26. Bg4 Bxg4 27. Qxg4 Bd4 28. Ne4 Rbe8 29. Rc2 Qf3 30. Qxf3 Rxf3 31. Re2 Ref8 32.
Kg2 g5 33. hxg5 hxg5 34. Nxg5 Rc3 35. Ne6 Rf6 36. Rh1 a4 37. Rh4 axb3 38. axb3 Rxb3 39.
Rg4+ Kf7 40. Rg7+ Ke8 41. Nxc7+ Kd8 42. Re8# 1-0

[Event "*** SCC Grand Prix: Titled Tuesday Blitz"]
[Site "Chess.com"]
[Date "2020.08.11"]
[Round "5"]
[White "allvim"]
[Black "JesseKraai"]
[Result "0-1"]
[WhiteElo "2381"]
[BlackElo "2544"]
[TimeControl "180+1"]
[EndTime "10:55:01 PDT"]
[Termination "JesseKraai won by resignation"]

1. e4 d6 2. d4 Nf6 3. Nc3 e5 4. dxe5 dxe5 5. Qxd8+ Kxd8 6. Bg5 Be6 7. O-O-O+ Nd7 8. Nf3 Bd6 9. Nb5 Ke7 10. Nxd6 cxd6 11.
Nd2 h6 12. Bxf6+ Nxf6 13. Bd3 Rac8 14. Kb1 Rc5 15. f3 Rhc8 16. c3 a6 17. Rhf1 b5 18.
h3 Nh5 19. Rf2 Nf4 20. Bf1 h5 21. Nb3 R5c7 22. Nc1 h4 23. Ne2 Nh5 24. f4 f6 25.
f5 Bf7 26. Ng1 Ng3 27. Nf3 Nxe4 28. Re2 Ng3 29. Red2 Nxf5 30. Bd3 Be6 31. Bxf5 Bxf5+ 32. Ka1 g5 33. Rxd6 Rd7 34. Rxd7+ Bxd7 35. Kb1 Bc6 36. Kc2 Rd8 37. Rf1 Ke6 38. Rf2 Be4+ 39. Kc1 Bg6 40. b3 Rd3 41. Kb2 Be4 42. Nd2 Bc6 43. c4 Rg3 44.
cxb5 axb5 45. a4 bxa4 46. bxa4 Rxg2 47. Rxg2 Bxg2 48. a5 g4 0-1

[Event "*** SCC Grand Prix: Titled Tuesday Blitz"]
[Site "Chess.com"]
[Date "2020.08.11"]
[Round "5"]
[White "FlamingPhoenix123"]
[Black "Gabrielian_Artur"]
[Result "1-0"]
[WhiteElo "2555"]
[BlackElo "2766"]
[TimeControl "180+1"]
[EndTime "10:55:02 PDT"]
[Termination "FlamingPhoenix123 won by resignation"]

1. e4 c5 2. Nf3 d6 3. d4 cxd4 4. Nxd4 Nf6 5. Nc3 Nc6 6. Bg5 e6 7. Qd2 a6 8. O-O-O Bd7 9. f4 Be7 10. Nf3 b5 11. Bxf6 gxf6 12. Kb1 Qa5 13. f5 h5 14. g3 Rc8 15. Bh3 b4 16. Ne2 e5 17.
c4 Nd8 18. b3 Bc6 19. Qe3 Qc5 20.
Qd3 Nb7 21. Bg2 Qf2 22. Ne1 Nc5 23. Qc2 h4 24. g4 h3 25. Bf3 Qxf3 26. Nxf3 Bxe4 27.
Ne1 Bxc2+ 28. Nxc2 Rg8 29. Rhg1 Bf8 30. Nxb4 a5 31. Nd5 Be7 32. Nec3 a4 33. Kc2 axb3+ 34. axb3 Rb8 35. Nb5 Kd7 36. Ra1 Rgc8 37. Ra7+ Rb7 38.
Rxb7+ Nxb7 39. Rg3 Rg8 40. Nbc3 Nc5 41. b4 Nb7 42.
Ne4 Bd8 43. Nexf6+ 1-0

[Event "*** SCC Grand Prix: Titled Tuesday Blitz"]
[Site "Chess.com"]
[Date "2020.08.11"]
[Round "5"]
[White "Alexander_Moskalenko"]
[Black "kingofthenil"]
[Result "1-0"]
[WhiteElo "2839"]
[BlackElo "2451"]
[TimeControl "180+1"]
[EndTime "10:55:02 PDT"]
[Termination "Alexander_Moskalenko won by resignation"]

1. e4 Nc6 2. d4 d5 3. e5 Bf5 4. c3 e6 5. Bd3 Nge7 6. Nf3 f6 7.
exf6 gxf6 8. O-O Qd7 9. Re1 O-O-O 10. b4 Bxd3 11. Qxd3 Ng6 12. a4 e5 13. dxe5 fxe5 14. b5 e4 15. bxc6 Qxc6 16. Qd1 exf3 17. Qxf3 Bc5 18.
Be3 Rdf8 19. Qh3+ Kb8 20. Nd2 Rhg8 21. Nf1 Bxe3 22. fxe3 d4 23. cxd4 Nh4 24. Ng3 Qh6 25. Re2 Re8 26. Rae1 Nf3+ 27. Kf2 Qxh3 28. gxh3 Nxe1 29.
Rxe1 Rgf8+ 30. Ke2 c6 31. e4 b5 32. Rb1 a5 33.
axb5 Kc7 34. Rc1 Rf6 35. d5 c5 36. Rxc5+ Kb6 37. Rc1 Kxb5 38. Kd3 Rf3+ 39. Kd4 Rf4 40. Rb1+ Ka6 41. d6 Rh4 42. Kc5 Rd8 43. e5 Rh6 44. Nf5 a4 45. Nxh6 a3 1-0

[Event "*** SCC Grand Prix: Titled Tuesday Blitz"]
[Site "Chess.com"]
[Date "2020.08.11"]
[Round "5"]
[White "capatl"]
[Black "UCantHandleDenker"]
[Result "0-1"]
[WhiteElo "2400"]
[BlackElo "2573"]
[TimeControl "180+1"]
[EndTime "10:55:02 PDT"]
[Termination "UCantHandleDenker won by resignation"]

1. c4 d6 2. Nc3 Nf6 3. g3 e5 4. Bg2 Be7 5. d4 Nbd7 6. Nf3 O-O 7. O-O c6 8. Qc2 a6 9. Rd1 Qc7 10. dxe5 dxe5 11. Ne4 Re8 12. Nxf6+ Nxf6 13. h3 h6 14. Be3 Be6 15. b3 Nd7 16. c5 Nf6 17. a3 Nd5 18. Bd2 e4 19. Qxe4 Bf6 20. Qc2 Bxa1 21.
Rxa1 Nf6 22. e3 Bd5 23. b4 Ne4 24.
Be1 Rad8 25. Nd4 Qd7 26. Rd1 Nf6 27. Bf1 Be4 28. Qe2 Qd5 29. Bc3 Bf3 30. Qxf3 Qxf3 31. Nxf3 Rxd1 32. Kg2 Ne4 33. Bd4 Rc1 34. Bd3 Nf6 35. Ne5 Nd5 36. Kf3 f6 37. Nd7 Kf7 38. Nb6 Nxb6 39. cxb6 Rd8 40. Be4 Rxd4 41. exd4 Rc3+ 42.
Kf4 Ke6 43. Bf5+ Kd6 44. Bc8 Rxa3 45. Bxb7 Rb3 46. Bc8 Rxb4 47. b7 Kc7 48. Kf5 Rxb7 49. Kg6 Kxc8 0-1

[Event "*** SCC Grand Prix: Titled Tuesday Blitz"]
[Site "Chess.com"]
[Date "2020.08.11"]
[Round "5"]
[White "ViktoriyaTarasova"]
[Black "chessfrendz"]
[Result "0-1"]
[WhiteElo "2252"]
[BlackElo "2267"]
[TimeControl "180+1"]
[EndTime "10:55:02 PDT"]
[Termination "chessfrendz won by resignation"]

1. d4 Nf6 2. c4 e6 3. Nc3 d6 4. e4 d5 5. cxd5 exd5 6. e5 Ne4 7.
Bd3 Nxc3 8. bxc3 Be7 9. Ne2 O-O 10. O-O Nc6 11. f4 f5 12. exf6 Bxf6 13. Qc2 h6 14. Ng3 Nxd4 15. cxd4 Bxd4+ 16. Kh1 Bxa1 17. Ba3 Bf6 18.
Bxf8 Qxf8 19. Qxc7 Qf7 20. Qc2 Bd7 21. Bg6 Qe7 22. Qd3 Bc6 23. Nf5 Qb4 24. Qg3 Kf8 25. Bh5 Qe4 26. Nd6 Qe6 27. Nf7 d4 28. Qxg7+ Kxg7 0-1

[Event "*** SCC Grand Prix: Titled Tuesday Blitz"]
[Site "Chess.com"]
[Date "2020.08.11"]
[Round "5"]
[White "Mikasinski"]
[Black "saikrishnaReturns"]
[Result "1-0"]
[WhiteElo "2455"]
[BlackElo "2640"]
[TimeControl "180+1"]
[EndTime "10:55:03 PDT"]
[Termination "Mikasinski won by checkmate"]

1. e4 e5 2. Nf3 Nc6 3. Nc3 Nf6 4. Bb5 Bb4 5. O-O O-O 6. d3 d6 7. Bg5 Bxc3 8. bxc3 Qe7 9. Re1 Nd8 10. d4 Ne6 11.
Bd2 c6 12. Bc4 Qc7 13. Rb1 b5 14. Bd3 a6 15. c4 exd4 16. e5 Nd7 17. exd6 Qxd6 18.
c3 Ndc5 19. Bf5 d3 20. Ne5 Rd8 21. Qf3 f6 22. Nxc6 Bb7 23. Qh3 Qxc6 24. Bxe6+ Nxe6 25. Rxe6 Qxc4 26. Rbe1 Qxa2 27. Re7 Qxd2 28. Qe6+ Kh8 29.
Re8+ Rxe8 30. Qxe8+ Rxe8 31. Rxe8# 1-0

[Event "*** SCC Grand Prix: Titled Tuesday Blitz"]
[Site "Chess.com"]
[Date "2020.08.11"]
[Round "5"]
[White "GianmarcoVaR"]
[Black "belisarius64"]
[Result "0-1"]
[WhiteElo "2446"]
[BlackElo "2709"]
[TimeControl "180+1"]
[EndTime "10:55:04 PDT"]
[Termination "belisarius64 won on time"]

1. d4 Nf6 2. c4 g6 3. Nf3 Bg7 4. g3 O-O 5. Bg2 d6 6. O-O Nc6 7. Nc3 e5 8. dxe5 Nxe5 9. b3 Nxf3+ 10. Bxf3 c6 11. Bb2 Bh3 12. Re1 d5 13. cxd5 Nxd5 14. Qc1 Nxc3 15. Bxc3 a5 16. Rd1 Qe7 17. Qb2 Bxc3 18.
Qxc3 a4 19. b4 Rfd8 20. a3 Rd7 21. Rxd7 Qxd7 22. Qc2 Bf5 23. Rd1 Qe6 24. Qc5 Qb3 25.
Ra1 Rd8 26. Qe7 Rd7 27. Qe5 Rd2 28. g4 Be6 29. Qb8+ Kg7 30. Qxb7 Qb2 31. Re1 Qxa3 0-1

[Event "*** SCC Grand Prix: Titled Tuesday Blitz"]
[Site "Chess.com"]
[Date "2020.08.11"]
[Round "5"]
[White "BeanScreen"]
[Black "eightbyeightchess"]
[Result "1-0"]
[WhiteElo "2704"]
[BlackElo "2444"]
[TimeControl "180+1"]
[EndTime "10:55:04 PDT"]
[Termination "BeanScreen won by resignation"]

1. e4 e6 2. d4 d5 3. Nc3 Nf6 4. Bg5 Be7 5. e5 Nfd7 6. h4 a6 7. Qg4 Bxg5 8. hxg5 c5 9. g6 f5 10. exf6 Nxf6 11. Qh4 cxd4 12. Qxd4 Nc6 13. Qd2 h6 14.
O-O-O Bd7 15. Nf3 Qa5 16. Nd4 O-O-O 17. f4 Kb8 18. Be2 Nxd4 19. Qxd4 Rc8 20. Kb1 b5 21. a3 Rc7 22. Qe5 Rc8 23. Rh3 Ka8 24. Re3 b4 25.
axb4 Qxb4 26. Bxa6 Rb8 27. Na2 Qb6 28. Ra3 Ra7 29.
Rb3 Qd8 30. Rxb8+ Qxb8 31. Qxb8+ Kxb8 32. Bd3 Ra4 33. g3 Nh5 34. Rg1 Be8 35. Nc3 Ra5 36.
Ne2 Nf6 37. Nd4 Bd7 38. Re1 Nh5 39. Nxe6 Nxg3 40. Nxg7 d4 41. Re7 Kc8 42. Ne6 Bxe6 43. Rxe6 Ra7 44. Re8+ Kd7 45. g7 1-0

[Event "*** SCC Grand Prix: Titled Tuesday Blitz"]
[Site "Chess.com"]
[Date "2020.08.11"]
[Round "5"]
[White "Juanovic"]
[Black "HanSchut"]
[Result "1/2-1/2"]
[WhiteElo "2067"]
[BlackElo "2307"]
[TimeControl "180+1"]
[EndTime "10:55:04 PDT"]
[Termination "Game drawn by repetition"]

1. e4 c5 2. Nf3 d6 3. d4 cxd4 4. Nxd4 Nf6 5. Nc3 a6 6. Bg5 e6 7.
f4 Be7 8. Qf3 h6 9. Bh4 g5 10.
fxg5 Nfd7 11. g6 Bxh4+ 12. g3 Ne5 13. gxf7+ Kf8 14. Qh5 Bf6 15. Bh3 Qe7 16. O-O Nbc6 17. Nxc6 bxc6 18. Rxf6 Qxf6 19. Rf1 Qg6 20. Qd1 d5 21.
Qd4 Qg5 22. Qc5+ Kg7 23. f8=Q+ Rxf8 24. Qxf8+ Kg6 25. Qe8+ Kh7 26. Ne2 Qe3+ 27. Rf2 Nf3+ 28. Kh1 Qxf2 29. Qf7+ Kh8 30. Qf8+ Kh7 31. Qf7+ Kh8 32. Qf8+ Kh7 33. Qf7+ 1/2-1/2